 Dungeon Crawl Stone Soup version 0.32-a0-675-gdc239d62e1 (webtiles) character file.

Game seed: 1297466022487682301

159 BeKind the Chiller (level 5, -1/31 HPs)
             Began as an Octopode Ice Elementalist on Mar 11, 2024.
             Slain by an orc
             ... wielding a +0 dagger
              (4 damage)
             ... on level 4 of the Dungeon.
             The game lasted 00:04:30 (3162 turns).

BeKind the Chiller (Octopode Ice Elementalist)      Turns: 3162, Time: 00:04:30

Health: -1/31      AC:  1    Str:  7    XL:     5   Next: 40%
Magic:  17/18      EV: 14    Int: 25    God:
Gold:   222        SH:  0    Dex: 13    Spells: 3/10 levels left

rFire   . . .        v - +2 dagger (venom)
rCold   . . .        (no shield)
rNeg    . . .        (helmet restricted)
rPois   .            (no amulet)
rElec   .            d - +6 ring of intelligence
rCorr   .            r - ring of magical power
SInv    +            t - ring of see invisible
Will    .....        (no ring)
Stlth   ++++         (no ring)
HPRegen 0.25/turn    (no ring)
MPRegen 0.16/turn    (no ring)
                     (no ring)

%: no passive effects
@: no status effects
A: almost no armour, amphibious, 8 rings, camouflage 1, gelatinous body 1,
(nimble swimmer 1), tentacles
a: no special abilities


You were on level 4 of the Dungeon.
You visited 1 branch of the dungeon, and saw 5 of its levels.

You collected 222 gold pieces.

Inventory:

Hand Weapons
 j - a +0 dagger
 v - a +2 dagger of venom (weapon)
Missiles
 k - 2 throwing nets
Jewellery
 d - a +6 ring of intelligence (left tentacle)
 r - a ring of magical power (right tentacle)
 t - a ring of see invisible (on tentacle)
Scrolls
 b - 2 scrolls of revelation
 e - 3 scrolls of teleportation
 f - a scroll of blinking {unknown}
 i - a scroll of identify {unknown}
 l - a scroll of noise {unknown}
 m - a scroll of fear {unknown}
 n - 2 scrolls of vulnerability {unknown}
 o - a scroll of amnesia {unknown}
 q - 2 scrolls of torment {unknown}
 y - a scroll of immolation {unknown}
 z - a scroll of brand weapon {unknown}
Potions
 a - a potion of magic
 c - 2 potions of might {unknown}
 g - 3 potions of heal wounds {unknown}
 h - 2 potions of enlightenment {unknown}
 p - a potion of degeneration {unknown}
 s - a potion of brilliance {unknown}
 u - a potion of curing {unknown}
 w - a potion of resistance {unknown}
 x - a potion of lignification {unknown}
 A - a potion of attraction {unknown}


   Skills:
 + Level 3.2 Dodging
 - Level 4.2 Stealth
 + Level 3.0 Spellcasting
 + Level 4.7 Ice Magic


You had 3 spell levels left.
You knew the following spells:

 Your Spells              Type           Power      Damage    Failure   Level
a - Freeze                Ice            100%       1d10      1%          1
b - Frozen Ramparts       Ice            54%        1d9       4%          3
c - Summon Ice Beast      Ice/Summ       15%        N/A       12%         3

Your spell library contained the following spells:

 Spells                   Type           Power      Damage    Failure   Level
 Ozocubu's Armour         Ice            27%        N/A       4%          3
 Jinxbite                 Hex            6%         N/A       16%         2
 Yara's Violent Unravell  Hex/Alch       1%         3d3       95%         5
 Enfeeble                 Hex            1%         N/A       100%        7


Dungeon Overview and Level Annotations

Branches:
Dungeon (5/15)
 Temple: D:4-7

Altars:


Innate Abilities, Weirdness & Mutations

You cannot wear most types of armour.
You are amphibious.
You can wear up to eight rings at the same time.
Your skin changes colour to match your surroundings (Stealth+).
Your rubbery body absorbs attacks. (AC +1, EV +1)
((You are camouflaged when in or above water. (Stealth+)))
You have tentacles for arms and can constrict up to eight enemies at once.


Message History

The orc priest calls down the wrath of Beogh upon you.
Beogh smites you!
You hear a shout!
The orc priest shouts, "Surrender to Beogh and we'll let you live!" (press Y on the ability menu to convert to Beogh)
The orc shouts!
The orc wizard shouts!
Casting: Summon Ice Beast (quite dangerous; 12% risk of failure)
Confirm with . or Enter, or press ? or * to list all spells.
Casting: Frozen Ramparts (dangerous; 4% risk of failure)
Press: ? - help, Dir - look around, f - activate The walls around you are covered in ice.
The orc wizard casts a spell at you. The magic dart hits you!
* * * LOW HITPOINT WARNING * * *
The orc wizard gestures at you while chanting.
You are confused.
You bump into the rock wall.
The frozen ramparts melt away as you move.
You bump into the rock wall.
The orc wizard points at you and mumbles some strange words.
The puff of flame hits you!
* * * LOW HITPOINT WARNING * * *
You bump into the rock wall.
The orc wizard mumbles some strange words.
The orc wizard flickers and vanishes for a moment.
The orc hits you with a +0 dagger.
* * * LOW HITPOINT WARNING * * *
You hear a shout!
You feel less confused.
Something shouts, "Surrender, thou feckless hell-hated guttersnipe!"
An orc comes into view. It is wielding a +0 club.
There is a stone staircase leading up here.
The orc wizard completely misses you.
The orc priest looks satisfied for a moment.
You climb upwards.
There is a stone staircase leading down here.
Unknown command.
The orc attacks as it pursues you! The orc hits you with a +0 dagger.
You die...

..##.....#####...##........##.##.
#.##....## #...##..............
........# #...#########.##.##.
#)##.#### #...# #.##.##. #.##.#
#...# #.##..#. ..##.# ##.####
#.###.#. .....# ########....#
#.###.#. ######
#.......###.#######.......
###.#####.o@........#####...
#......##.o##.#####.# ####
#.#.##.##..##.# #.#
#.#.##.##..##.#####.###
#.#........##.##......#
#.####........##.##.#.# #.#
#####.#####.##.#.# #.#
#.......##.##.#.# #.#
#.......##.##.#.#


You could see an orc wizard (invisible) and an orc.

Vanquished Creatures
  An iguana (D:4)
  3 gnolls (D:2)
  An adder (D:3)
  5 dart slugs
  5 ball pythons
  8 endoplasms
  4 giant cockroaches
  4 goblins
  9 hobgoblins
  4 jackals (D:2)
  5 quokkas
  10 bats
  4 frilled lizards
  5 kobolds
  7 rats
75 creatures vanquished.

Vanquished Creatures (collateral kills)
  An endoplasm (D:3)
1 creature vanquished.

Grand Total: 76 creatures vanquished

Notes
Turn   | Place    | Note
-------+----------+-------------------------------------------
     0 | D:1      | BeKind the Octopode Ice Elementalist began the quest for
                  | the Orb.
     0 | D:1      | Reached XP level 1. HP: 11/11 MP: 3/3
   173 | D:1      | Reached XP level 2. HP: 17/17 MP: 1/5
   621 | D:1      | Reached XP level 3. HP: 18/21 MP: 3/6
  1080 | D:1      | Learned a level 3 spell: Frozen Ramparts
  1117 | D:2      | HP: 1/21 [gnoll/+0 halberd (6)]
  1119 | D:2      | Reached XP level 4. HP: 2/27 MP: 2/7
  2001 | D:3      | Reached XP level 5. HP: 31/31 MP: 9/9
  2030 | D:3      | Learned a level 3 spell: Summon Ice Beast
  3132 | D:5      | Entered Level 5 of the Dungeon
  3162 | D:4      | Slain by an orc

Illustrated notes

Levels and vault maps discovered:
D:1:      scummos_arrival_checkerplants, layout_basic, minmay_misc_feat_tower,
          minmay_split_cup_large
D:2:      layout_basic, minmay_pentomino_pile
D:3:      layout_basic
D:4:      layout_loops_cross
D:5:      layout_basic, minmay_temple_entry_enclosed_plants,
          nicolae_ossuary_entry_false_entrances, chequers_serial_rivers_micro_d,
          dreamdust_gnoll_farm

Skill      XL: |  1  2  3  4  5 |
---------------+----------------+-----
Stealth        | 3 4 |  4.2
Dodging        | 3 |  3.2
Spellcasting   | 3 |  3.0
Ice Magic      | |  4.7

Action                     |  1- 3 |  4- 6 || total
---------------------------+-------+-------++-------
  Melee: Unarmed           |     8 |       ||     8
         Tentacles         |     8 |     8 ||    16
         Constrict         |     7 |    15 ||    22
         Dagger            |    13 |    56 ||    69
   Cast: Freeze            |    32 |    11 ||    43
         Frozen Ramparts   |     1 |     2 ||     3
         Summon Ice Beast  |       |     1 ||     1
    Use: Scroll            |     1 |     1 ||     2
   Stab: Sleeping          |     2 |    14 ||    16
         Distracted        |       |     2 ||     2
 Armour: Skin              |    19 |    23 ||    42
  Dodge: Dodged            |    29 |    31 ||    60

Table legend: (Time is in decaauts)
 A = Elapsed time spent in this place.
 B = Non-inter-level travel time spent in this place.
 C = Inter-level travel time spent in this place.
 D = Time resting spent in this place.
 E = Time spent auto-exploring this place.
 F = Levels seen in this place.
 G = Mean time per level.
                   A        B        C        D        E       F      G
               +--------+--------+--------+--------+--------+-----+--------+
         Total |   3160 |   3045 |    115 |    169 |   2367 |   5 |  632.0 |
       Dungeon |   3160 |   3045 |    115 |    169 |   2367 |   5 |  632.0 |
               +--------+--------+--------+--------+--------+-----+--------+

Top non-repeatable levels by time:
     D:2: 986 daAuts
     D:1: 968 daAuts
     D:4: 623 daAuts
     D:3: 554 daAuts
     D:5: 28 daAuts
